 Dungeon Crawl Stone Soup version 0.31-a0-875-g02e7d12df6 (webtiles) character file.

Game seed: 7905444774563910084

179 wingedge the Magician (level 5, 0/38 HPs)
             Began as a Mummy Earth Elementalist on Oct 12, 2023.
             Slain by an orc priest
             ... wielding a +0 whip
              (4 damage)
             ... on level 3 of the Dungeon.
             The game lasted 00:05:23 (3364 turns).

wingedge the Magician (Mummy Earth Elementalist)    Turns: 3364, Time: 00:05:24

Health: 0/38       AC:  6    Str: 12    XL:     5   Next: 32%
Magic:  7/11       EV: 12    Int: 16    God:
Gold:   107        SH:  0    Dex: 12    Spells: 8/12 levels left

rFire   . . .        a - +2 dagger (drain)
rCold   + . .        (no shield)
rNeg    + + +        m - +0 robe
rPois   ∞            (no helmet)
rElec   .            (no cloak)
rCorr   .            (no gloves)
SInv    .            (no boots)
Will    .....        (no amulet)
Stlth   +            g - +4 ring of protection
HPRegen 0.26/turn    c - ring of protection from fire
MPRegen 0.12/turn

%: faith
@: confused
A: cold resistance 1, negative energy resistance 3, torment resistance 2, heat
vulnerability 1, in touch with death 1, no potions, faith
a: no special abilities


You were on level 3 of the Dungeon.
You visited 1 branch of the dungeon, and saw 3 of its levels.

You collected 107 gold pieces.

Inventory:

Hand Weapons
 a - a +2 dagger of draining (weapon)
 b - a +0 spear
Missiles
 e - 5 poisoned darts
Armour
 m - a +0 robe (worn)
Jewellery
 c - a ring of protection from fire (right hand)
 g - a +4 ring of protection (left hand)
 i - a +6 ring of dexterity
 j - a ring of ice
Scrolls
 d - a scroll of teleportation {unknown}
 f - a scroll of fog {unknown}
 h - a scroll of blinking
 k - a scroll of amnesia {unknown}
 l - a scroll of brand weapon {unknown}
 n - a scroll of immolation {unknown}
 o - a scroll of summoning {unknown}
 p - a scroll of fear


   Skills:
 - Level 2.0 Fighting
 - Level 1.5 Dodging
 - Level 1.5 Stealth
 + Level 4.3 Spellcasting
 + Level 1.9 Conjurations
 - Level 0.7 Transmutations
 + Level 3.3 Earth Magic


You had 8 spell levels left.
You knew the following spells:

 Your Spells              Type           Power      Damage    Failure   Level
a - Sandblast             Erth           28%        2d8       4%          1
b - Stone Arrow           Conj/Erth      22%        3d8       17%         3

Your spell library contained the following spells:

 Spells                   Type           Power      Damage    Failure   Level
 Shock                    Conj/Air       24%        1d4       11%         1
 Passwall                 Tmut/Erth      7%         N/A       11%         2
 Apportation              Tloc           6%         N/A       16%         1
 Necrotise                Necr           20%        1d5       16%         1
 Summon Small Mammal      Summ           12%        N/A       16%         1
 Swiftness                Air            3%         N/A       43%         3
 Brom's Barrelling Bould  Conj/Erth      11%        2d3       50%         4
 Petrify                  Tmut/Erth      9%         N/A       56%         4
 Airstrike                Air            1%         2d(1-17)  85%         4
 Manifold Assault         Tloc           3%         N/A       85%         4
 Dispersal                Tloc           1%         N/A       100%        6
 Disjunction              Tloc           1%         N/A       100%        8


Dungeon Overview and Level Annotations

Branches:
Dungeon (3/15)

Altars:


Innate Abilities, Weirdness & Mutations

You are immune to poison.
Your flesh is cold resistant. (rC+)
You are immune to negative energy. (rN+++)
You are immune to unholy pain and torment.
You are vulnerable to heat. (rF-)
You are in touch with the powers of death.
You do not drink.
You have a special connection with the divine. (Faith)


Message History

Aim: an orc priest, wielding a +0 whip and wearing a +0 leather armour (almost dead, 82% to hit)
The blast of sand hits the orc priest but does no damage.
The orc priest is almost dead.
The orc priest looks braver for a moment.
The orc wizard casts a spell at you.
You are confused.
The orc priest calls down the wrath of Beogh upon you.
Beogh smites you!
You hear a shout!
You are too confused!
Unknown command.
You miss the orc priest.
The orc priest is almost dead.
The orc priest hits you but does no damage.
You closely miss the orc priest.
The orc priest is almost dead.
The orc priest hits you but does no damage.
The orc wizard barely misses you.
You barely miss the orc priest.
The orc priest is almost dead.
The orc priest mumbles some strange prayers to Beogh against you.
Beogh smites you!
* * * LOW HITPOINT WARNING * * *
The orc wizard casts a spell.
The orc wizard flickers and vanishes!
Deactivating autopickup; reactivate with Ctrl-A.
The orc wizard hits you but does no damage.
You can't drink.
You are too confused!
You completely miss the orc wizard. The orc priest hits you with a +0 whip.
* * * LOW HITPOINT WARNING * * *
The orc wizard gestures at you while chanting.
You are more confused.
You miss the orc priest.
The orc priest is almost dead.
The orc priest barely misses you. The orc wizard misses you.
You barely miss the orc priest.
The orc priest is almost dead.
The orc priest hits you with a +0 whip.
You die...

.........##..................#
##.####..##.#.#####.).........
#.####..##.#.# #....#......
...#..##.#.#####...........
########.#..##.#.....<###........
...............#.....###........#
########.#########.##.###.......#.
.......)......####.##...........##
##.............o@########.)....#.#
#.............o##..o####.....#.#.
#.............o#.8$8.#.......##..
#..............'..o$_#......#....
#..............#.8o8$###.##......
#..............##...## #.....##..
#...............##### #.#######.
#................. #.##......
#................# ####......


You could see 2 orc priests and an orc wizard.

Vanquished Creatures
  A bullfrog (D:3)
  A hound (D:3)
  2 adders
  2 worms (D:2)
  A dart slug (D:1)
  3 orcs (D:3)
  4 bats
  5 endoplasms
  2 giant cockroaches (D:1)
  5 goblins
  6 hobgoblins
  3 ball pythons
  3 frilled lizards (D:1)
  6 kobolds
  15 rats
59 creatures vanquished.

Notes
Turn   | Place    | Note
-------+----------+-------------------------------------------
     0 | D:1      | wingedge the Mummy Earth Elementalist began the quest for
                  | the Orb.
     0 | D:1      | Reached XP level 1. HP: 13/13 MP: 4/4
   165 | D:1      | Found a faded altar of an unknown god.
   425 | D:1      | Reached XP level 2. HP: 18/20 MP: 2/5
   513 | D:1      | Reached skill level 3 in Spellcasting
   929 | D:1      | Reached skill level 1 in Fighting
  1179 | D:1      | You fall into a shaft and drop 1 floor!
  1480 | D:2      | Reached XP level 3. HP: 26/26 MP: 2/7
  1529 | D:2      | Learned a level 3 spell: Stone Arrow
  1712 | D:2      | Reached skill level 1 in Conjurations
  2509 | D:3      | Reached XP level 4. HP: 32/32 MP: 3/9
  2541 | D:3      | Noticed a bullfrog
  2546 | D:3      | Killed a bullfrog
  2547 | D:3      | Reached skill level 4 in Spellcasting
  2667 | D:3      | Reached XP level 5. HP: 38/38 MP: 9/11
  3364 | D:3      | Slain by an orc priest

Illustrated notes

Levels and vault maps discovered:
D:1:      dpeg_arrival_ratfight, layout_basic, ebering_ecumenical_altar_rust
D:2:      layout_loops_cross, minmay_rat_gold_closets
D:3:      layout_basic, minmay_misc_feat_secret_circle, kennysheep_orc_chapel

Skill      XL: |  1  2  3  4 |
---------------+-------------+-----
Spellcasting   | 3 4 |  4.3
Fighting       | 1 2 |  2.0
Conjurations   | 1 |  1.9
Earth Magic    | 3 |  3.3
Dodging        | |  1.5
Stealth        | |  1.5
Transmutations | |  0.7

Action                     |  1- 3 |  4- 6 || total
---------------------------+-------+-------++-------
  Melee: Dagger            |       |     8 ||     8
   Cast: Sandblast         |    66 |    27 ||    93
         Stone Arrow       |       |     4 ||     4
    Use: Scroll            |       |     2 ||     2
 Armour: Robe              |     4 |    21 ||    25
  Dodge: Dodged            |     4 |    27 ||    31

Table legend: (Time is in decaauts)
 A = Elapsed time spent in this place.
 B = Non-inter-level travel time spent in this place.
 C = Inter-level travel time spent in this place.
 D = Time resting spent in this place.
 E = Time spent auto-exploring this place.
 F = Levels seen in this place.
 G = Mean time per level.
                   A        B        C        D        E       F      G
               +--------+--------+--------+--------+--------+-----+--------+
         Total |   3407 |   3303 |    104 |    384 |   2521 |   3 | 1135.7 |
       Dungeon |   3407 |   3303 |    104 |    384 |   2521 |   3 | 1135.7 |
               +--------+--------+--------+--------+--------+-----+--------+

Top non-repeatable levels by time:
     D:1: 1441 daAuts
     D:2: 1027 daAuts
     D:3: 938 daAuts
